 Dungeon Crawl Stone Soup version 0.29-a0-271-gd4eb659eea (webtiles) character file.

Game seed: 14393518961944993894

5898 Crownlay the Thaumaturge (level 10, -8/50 HPs)
             Began as a Gargoyle Earth Elementalist on Mar 8, 2022.
             Was a Believer of Vehumet.
             Mangled by Amaemon
             ... wielding a +1 demon whip of venom
              (13 damage)
             ... on level 9 of the Dungeon.
             The game lasted 00:21:21 (10311 turns).

Crownlay the Thaumaturge (GrEE)                    Turns: 10311, Time: 00:21:21

Health: -8/50      AC: 10    Str: 12    XL:     10   Next: 82%
Magic:  17/25      EV: 11    Int: 20    God:    Vehumet [**....]
Gold:   447        SH:  0    Dex: 10    Spells: 28/32 levels left

rFire   + . .      SeeInvis .   G - +3 arbalest
rCold   . . .      Faith    .   (shield currently unavailable)
rNeg    + . .      Spirit   .   E - +0 robe {rF+}
rPois   ∞          Reflect  .   (no helmet)
rElec   +          Harm     .   t - +0 cloak
rCorr   .          Rampage  .   (no gloves)
Will    .....                   (no boots)
Stlth   ++........              (no amulet)
HPRegen 0.16/turn               v - ring of flight
MPRegen 0.19/turn               (no ring)

@: flying
A: sickness immunity, AC +7, negative energy resistance 1, electricity
resistance, torment resistance 1, petrification resistance
a: Renounce Religion


You were on level 9 of the Dungeon.
You worshipped Vehumet.
Vehumet was pleased with you.
You visited 2 branches of the dungeon, and saw 10 of its levels.

You collected 447 gold pieces.

Inventory:

Hand Weapons
 h - a +0 hunting sling of freezing
 k - the +6 dagger of the Freezing Butterfly {protect, Will++ Str-5}
   (You found it on level 2 of the Dungeon)

   It grants its wielder temporary protection when it strikes (+7 to AC).
   Str:       It affects your strength (-5).
   Will:      It greatly increases your willpower.
 G - a +3 arbalest (weapon)
 J - the +4 dagger of Saemintoh {drain, rF++ rN+ Int+4}
   (You found it on level 9 of the Dungeon)

   A truly terrible weapon, it drains the life of any living foe it strikes.
   Int:       It affects your intelligence (+4).
   rF:        It greatly protects you from fire.
   rN:        It protects you from negative energy.
Missiles
 a - 163 stones
Armour
 t - a +0 cloak (worn)
 E - a +0 robe of fire resistance (worn)
Jewellery
 n - a ring of protection from fire
 s - a ring of fire
 v - a ring of flight (left hand)
 F - a ring of resist corrosion
 H - a +6 ring of strength
Wands
 y - a wand of paralysis (7)
Scrolls
 f - 3 scrolls of fear
 g - a scroll of holy word {unknown}
 i - 4 scrolls of immolation
 l - 5 scrolls of teleportation
 m - 2 scrolls of enchant armour
 o - a scroll of vulnerability {unknown}
 r - 2 scrolls of magic mapping
 u - 2 scrolls of blinking {unknown}
 x - a scroll of enchant weapon {unknown}
 C - a scroll of noise {unknown}
Potions
 b - a potion of invisibility
 c - a potion of magic
 e - a potion of might {unknown}
 j - 4 potions of heal wounds
 p - 2 potions of curing
 q - a potion of attraction {unknown}
 w - a potion of ambrosia {unknown}
 z - a potion of cancellation {unknown}
 A - a potion of brilliance {unknown}
 B - a potion of lignification {unknown}
 I - a potion of mutation {unknown}


   Skills:
 - Level 1.5 Dodging
 - Level 2.1 Stealth
 * Level 11.8 Spellcasting
 + Level 3.3 Conjurations
 + Level 2.7 Summonings
 - Level 0.7 Transmutations
 - Level 10.6 Earth Magic


You had 28 spell levels left.
You knew the following spells:

 Your Spells              Type           Power      Damage    Failure   Level
a - Sandblast             Erth           100%       2d20      1%          1
b - Stone Arrow           Conj/Erth      78%        3d11      1%          3

Your spell library contained the following spells:

 Spells                   Type           Power      Damage    Failure   Level
 Static Discharge         Conj/Air       18%        N/A       4%          2
 Magic Dart               Conj           100%       1d8       1%          1
 Summon Small Mammal      Summ           88%        N/A       1%          1
 Passwall                 Tmut/Erth      28%        N/A       1%          2
 Call Imp                 Summ           22%        N/A       2%          2
 Call Canine Familiar     Summ           22%        N/A       5%          3
 Petrify                  Tmut/Erth      34%        N/A       5%          4
 Freeze                   Ice            44%        1d6       6%          1
 Summon Guardian Golem    Hex/Summ       17%        N/A       10%         3
 Mephitic Cloud           Conj/Pois/Air  16%        N/A       11%         3
 Frozen Ramparts          Ice            22%        1d4       17%         3
 Ozocubu's Armour         Ice            11%        N/A       17%         3
 Hailstorm                Conj/Ice       18%        3d6       28%         4
 Summon Lightning Spire   Summ/Air       17%        N/A       32%         4
 Airstrike                Air            5%         N/A       50%         4
 Animate Dead             Necr           5%         N/A       50%         4
 Lightning Bolt           Conj/Air       9%         1d21      63%         5
 Haunt                    Necr/Summ      8%         N/A       100%        7
 Ozocubu's Refrigeration  Ice            5%         4d6       100%        7
 Infestation              Necr           5%         N/A       100%        8


Dungeon Overview and Level Annotations

Branches:
Dungeon (9/15)             Temple (1/1) D:5
   Lair: D:8-11         Orc: D:9-12

Altars:
Ashenzari
Cheibriados
Elyvilon
Fedhas
Gozag
Hepliaklqana
Makhleb
Nemelex Xobeh
Okawaru
Qazlal
Ru
Uskayaw
Vehumet
Wu Jian
Yredelemnul
The Shining One

Annotations:
D:6 1 runed translucent door, kae's ghost, novice MiFi
D:9 Amaemon


Innate Abilities, Weirdness & Mutations

You are immune to sickness and miasma.
Your stone body is resilient. (AC +7)
You are immune to poison.
You resist negative energy. (rN+)
You are resistant to electric shocks. (rElec)
You are resistant to unholy torment.
You are immune to petrification.


Message History

Amaemon hits you with a +1 demon whip of venom.
Amaemon claws you.
Amaemon tail-slaps you but does no damage.
An orc wizard comes into view. It is wielding a +0 dagger.
The stone arrow misses Amaemon.
The stone arrow hits the orc wizard!
You kill the orc wizard!
Vehumet accepts your kill.
You feel your power returning.
Amaemon hits you with a +1 demon whip of venom.
Amaemon barely misses you.
Amaemon tail-slaps you but does no damage.
The orange demon stings you from afar!
The stone arrow hits Amaemon!!
Amaemon is moderately wounded.
Amaemon hits you with a +1 demon whip of venom.
Amaemon claws you. Amaemon tail-slaps you. The orange demon closely misses you.
You are too injured to fight recklessly!
Casting: Stone Arrow (safe; 1% risk of failure)
Confirm with . or Enter, or press ? or * to list all spells.
Aiming: Sandblast (safe; 1% risk of failure)
Press: ? - help, Shift-Dir - straight line, f/p - Amaemon
Aim: Amaemon, wielding a +1 demon whip of venom (moderately wounded, 80% to hit)
The blast of sand hits Amaemon!
Amaemon is moderately wounded.
a - 163 stones Amaemon hits you with a +1 demon whip of venom!
* * * LOW HITPOINT WARNING * * *
Amaemon claws you!
* * * LOW HITPOINT WARNING * * *
Amaemon tail-slaps you but does no damage.
The orange demon stings you but does no damage.
Casting: Sandblast (safe; 1% risk of failure)
Confirm with . or Enter, or press ? or * to list all spells.
Okay, then.
As you read the scroll of fear, it crumbles to dust.
You assume a fearsome visage.
Amaemon resists with some effort.
The orange demon looks frightened!
The orc wizard looks frightened!
The orc looks frightened! x2
Amaemon hits you with a +1 demon whip of venom!
You die...

.......# .......# .......
.......# .....[. .......#
..oo... .###'### .......
###...###########..)....
...........#....#4o.....
...........+....#6.......
...........#....@........
......##...##...#........
......##...##...#.......
....<.#.........#.....##
......#.....##).##....#
###...##....#8..8#....#
..#...##..............#
..#........#..>.......#
..#........##8..8#....#


You could see Amaemon, an orange demon (fleeing), an orc wizard (fleeing) and 2
orcs.

Vanquished Creatures
  A boulder beetle (D:7)
  A kobold demonologist (D:8)
  Prince Ribbit (D:7)
  A wyvern (D:8)
  Sigmund (D:4)
  A steam dragon (D:6)
  Menkaure (D:5)
  An acid dragon (D:9)
  2 water moccasins
  2 ice beasts (D:7)
  4 orc warriors
  3 sky beasts
  2 black bears (D:5)
  An ogre (D:4)
  A centaur (D:9)
  A phantom (D:5)
  A kobold brigand (D:9)
  A gnoll sergeant (D:5)
  2 bullfrogs
  5 necrophages
  6 scorpions
  4 wights (D:8)
  5 killer bees (D:9)
  5 howler monkeys (D:8)
  3 hounds (D:5)
  Crazy Yiuf (D:4)
  8 orc priests
  3 jellies
  A gnoll shaman (D:6)
  7 iguanas
  9 orc wizards
  9 gnolls
  8 adders
  2 shadow imps
  An ufetubus (D:7)
  A worm (D:2)
  A dart slug (D:2)
  30 orcs
  8 endoplasms
  2 giant cockroaches (D:1)
  7 goblins
  3 hobgoblins
  3 kobolds
  8 quokkas
  8 ball pythons
  9 bats
  A frilled lizard (D:1)
  9 rats
195 creatures vanquished.

Notes
Turn   | Place    | Note
-------+----------+-------------------------------------------
     0 | D:1      | Crownlay the Gargoyle Earth Elementalist began the quest
                  | for the Orb.
     0 | D:1      | Reached XP level 1. HP: 10/10 MP: 3/3
   162 | D:1      | Found a faded altar of an unknown god.
   187 | D:1      | Reached XP level 2. HP: 15/15 MP: 3/5
   491 | D:1      | Reached XP level 3. HP: 19/19 MP: 7/7
   841 | D:2      | Reached skill level 3 in Spellcasting
  1246 | D:2      | Reached XP level 4. HP: 24/24 MP: 9/9
  1289 | D:2      | Identified the +6 dagger of the Freezing Butterfly
                  | {protect, Will++ Str-5}
  1605 | D:2      | Found a burning altar of Makhleb.
  2916 | D:4      | Reached XP level 5. HP: 25/28 MP: 10/10
  2964 | D:4      | Reached skill level 4 in Spellcasting
  3093 | D:4      | Reached skill level 5 in Earth Magic
  3402 | D:4      | Noticed a water moccasin
  3418 | D:4      | Killed a water moccasin
  3419 | D:4      | Reached skill level 5 in Spellcasting
  3419 | D:4      | Reached XP level 6. HP: 29/32 MP: 11/13
  3478 | D:4      | Found a runed translucent door.
  3479 | D:4      | Noticed Crazy Yiuf
  3510 | D:4      | Noticed an orc warrior
  3517 | D:4      | Learned a level 3 spell: Stone Arrow
  3521 | D:4      | Killed an orc warrior
  3897 | D:4      | Reached XP level 7. HP: 36/36 MP: 12/15
  4008 | D:4      | Reached skill level 6 in Spellcasting
  4154 | D:4      | Noticed Sigmund
  4168 | D:4      | Killed Sigmund
  4669 | D:4      | Killed Crazy Yiuf
  4788 | D:5      | Entered Level 5 of the Dungeon
  4808 | D:5      | Reached skill level 7 in Spellcasting
  4808 | D:5      | Reached XP level 8. HP: 24/41 MP: 9/18
  5488 | D:5      | Noticed Menkaure
  5490 | D:5      | Killed Menkaure
  5491 | D:5      | Reached skill level 8 in Spellcasting
  5584 | D:5      | Found a stormy altar of Qazlal.
  5627 | D:5      | Found a staircase to the Ecumenical Temple.
  5638 | Temple   | Entered the Ecumenical Temple
  5710 | Temple   | Became a worshipper of Vehumet
  5740 | D:5      | Reached XP level 9. HP: 45/45 MP: 3/21
  6223 | D:6      | Found a white marble altar of Elyvilon.
  6226 | D:6      | Reached skill level 9 in Spellcasting
  6903 | D:6      | Reached * piety under Vehumet
  6903 | D:6      | Offered knowledge of Foxfire by Vehumet.
  7078 | D:6      | Found a runed translucent door.
  7087 | D:6      | Noticed kae's ghost (novice MiFi)
  7410 | D:7      | Reached skill level 10 in Spellcasting
  7645 | D:7      | Found a sacrificial altar of Ru.
  7688 | D:7      | Noticed a boulder beetle
  7700 | D:7      | Killed a boulder beetle
  7701 | D:7      | Reached skill level 10 in Earth Magic
  7701 | D:7      | Reached XP level 10. HP: 50/50 MP: 0/24
  8053 | D:7      | Found an iron altar of Okawaru.
  8162 | D:7      | Noticed Prince Ribbit
  8167 | D:7      | Killed Prince Ribbit
  8168 | D:7      | Reached skill level 11 in Spellcasting
  8484 | D:8      | Reached skill level 1 in Conjurations
  8741 | D:8      | Reached ** piety under Vehumet
  8741 | D:8      | Offered knowledge of Static Discharge by Vehumet.
  8742 | D:8      | Reached skill level 1 in Summonings
  8746 | D:8      | Noticed a kobold demonologist
  8750 | D:8      | Killed a kobold demonologist
  9740 | D:9      | Identified the +4 dagger of Saemintoh {drain, rF++ rN+
                  | Int+4}
 10305 | D:9      | Noticed Amaemon
 10306 | D:9      | Noticed an orange demon
 10311 | D:9      | Mangled by Amaemon

Illustrated notes

Levels and vault maps discovered:
D:1:      dpeg_arrival_simpleton_c, layout_loops_cross,
          hellmonk_ecumenical_altar_lost_god, amcnicky_mini_pool_small
D:2:      layout_basic, basic_altar, minmay_ruptured
D:3:      layout_basic
D:4:      minmay_evil_eye, layout_cave_pools,
          hangedman_abyss_or_decor_lesser_grid, kennysheep_generic_room_2,
          uniq_crazy_yiuf_cottage, uniq_sigmund
D:5:      layout_rooms, nicolae_qazlal_style_of_elements,
          minmay_temple_entry_sparse_star, uniq_menkaure
D:6:      layout_basic, old_standard_altar, ebering_ghost_sewer_d
D:7:      layout_gridville, nicolae_ru_awakened_eye,
          kennysheep_okawaru_gauntlet, uniq_prince_ribbit1
D:8:      layout_cave_pools, grunt_ministairs_9
D:9:      layout_gridville, st_stairs_6, uniq_amaemon
Temple:   eino_temple_rhombus

Skill      XL: |  1  2  3  4  5  6  7  8  9 10 |
---------------+-------------------------------+-----
Earth Magic    | 4 5 6 7 8 10 | 10.6
Spellcasting   | 3 5 7 8 10 11 | 11.8
Conjurations   | 3 |  3.3
Summonings     | 2 |  2.7
Dodging        | |  1.5
Stealth        | |  2.1
Transmutations | |  0.7

Action                   |  1- 3 |  4- 6 |  7- 9 | 10-12 || total
-------------------------+-------+-------+-------+-------++-------
Melee: Dagger            |       |    82 |       |       ||    82
       Punch             |       |     1 |       |       ||     1
 Fire: Hunting sling     |    66 |   113 |   101 |    46 ||   326
       Arbalest          |       |       |       |    13 ||    13
 Cast: Sandblast         |    15 |     3 |    90 |    29 ||   137
       Stone Arrow       |       |     4 |    57 |    48 ||   109
Evoke: Wand              |       |       |     1 |       ||     1
  Use: Scroll            |       |     2 |     4 |     4 ||    10
Armor: Robe              |    17 |    73 |    14 |    19 ||   123
Dodge: Dodged            |    27 |    84 |    26 |    22 ||   159

Table legend: (Time is in decaauts)
 A = Elapsed time spent in this place.
 B = Non-inter-level travel time spent in this place.
 C = Inter-level travel time spent in this place.
 D = Time resting spent in this place.
 E = Time spent auto-exploring this place.
 F = Levels seen in this place.
 G = Mean time per level.
                   A        B        C        D        E       F      G
               +--------+--------+--------+--------+--------+-----+--------+
         Total |  10477 |  10248 |    229 |      0 |   8850 |  10 | 1047.7 |
       Dungeon |  10388 |  10195 |    193 |      0 |   8804 |   9 | 1154.2 |
        Temple |     88 |     52 |     36 |      0 |     46 |   1 |   88.0 |
               +--------+--------+--------+--------+--------+-----+--------+

Top non-repeatable levels by time:
     D:4: 1969 daAuts
     D:7: 1365 daAuts
     D:6: 1320 daAuts
     D:2: 1240 daAuts
     D:5: 1173 daAuts
     D:9: 852 daAuts
     D:1: 841 daAuts
     D:3: 826 daAuts
     D:8: 799 daAuts
  Temple: 88 daAuts
